PAA
SPRINGFIELD SHOOTERS @ LANNISTER UNITED LIONHEARTS
06/06/2022
 
TOP OF THE 1ST
Springfield Shooters batting - Pitching for Lannister United Lionhearts : LHP Rich Lawrence
Pitching: LHP Rich Lawrence
Batting: RHB Javier Vásquez 0-0: Called Strike
0-1: Fly out, F8 (Line Drive, 8RS)
Batting: LHB Ray Anderson 0-0: Called Strike
0-1: Foul Ball, location: 2F
0-2: Strikes out looking
Batting: RHB Roy Herring 0-0: Called Strike
0-1: Swinging Strike
0-2: Foul Ball, location: 2F
0-2: Foul Ball, location: 2F
0-2: Strikes out looking
Top of the 1st over - 0 run(s), 0 hit(s), 0 error(s), 0 left on base; Springfield 0 - Lannister United 0
BOTTOM OF THE 1ST
Lannister United Lionhearts batting - Pitching for Springfield Shooters : LHP Alfredo Sánchez
Pitching: LHP Alfredo Sánchez
Batting: LHB Aurelio Aurillo 0-0: Ball
1-0: Called Strike
1-1: Ball
2-1: DOUBLE (Line Drive, 34D) - OUT at third base trying to stretch hit.
Batting: RHB Sancho Balderas 0-0: Called Strike
0-1: Foul Ball, location: 2F
0-2: Ball
1-2: Strikes out looking
Batting: LHB Eduardo Álvarez 0-0: Ball
1-0: Called Strike
1-1: Swinging Strike
1-2: Ball
2-2: Foul Ball, location: 2F
2-2: Foul Ball, location: 2F
2-2: Strikes out looking
Bottom of the 1st over - 0 run(s), 1 hit(s), 0 error(s), 0 left on base; Springfield 0 - Lannister United 0
TOP OF THE 2ND
Springfield Shooters batting - Pitching for Lannister United Lionhearts : LHP Rich Lawrence
Batting: LHB Carroll Martin 0-0: Ball
1-0: Foul Ball, location: 2F
1-1: Foul Ball, location: 2F
1-2: Strikes out swinging
Batting: RHB Meka Knight 0-0: Called Strike
0-1: Ball
1-1: Called Strike
1-2: Ball
2-2: Foul Ball, location: 2F
2-2: Ground out 5-3 (Groundball, 5L)
Batting: RHB José Martínez 0-0: Called Strike
0-1: Ground out 5-3 (Groundball, 56)
Top of the 2nd over - 0 run(s), 0 hit(s), 0 error(s), 0 left on base; Springfield 0 - Lannister United 0
BOTTOM OF THE 2ND
Lannister United Lionhearts batting - Pitching for Springfield Shooters : LHP Alfredo Sánchez
Batting: RHB Javier Chávez 0-0: Called Strike
0-1: Ball
1-1: Ball
2-1: Ball
3-1: Ground out 6-3 (Groundball, 6M)
Batting: RHB Héctor Ruíz 0-0: Ball
1-0: Called Strike
1-1: Swinging Strike
1-2: Ball
2-2: Foul Ball, location: 2F
2-2: Ground out 5-3 (Groundball, 56S)
Batting: RHB Carlos Pacheco 0-0: Ball
1-0: Called Strike
1-1: Ball
2-1: Ball
3-1: Base on Balls
Batting: LHB Kenko Ueda 0-0: Called Strike
0-1: Ball
1-1: Ball
2-1: Foul Ball, location: 2F
2-2: Fly out, F8 (Flyball, 78M)
Bottom of the 2nd over - 0 run(s), 0 hit(s), 0 error(s), 1 left on base; Springfield 0 - Lannister United 0
TOP OF THE 3RD
Springfield Shooters batting - Pitching for Lannister United Lionhearts : LHP Rich Lawrence
Batting: LHB Torquato Villani 0-0: Ground out 4-3 (Groundball, 4)
Batting: RHB Mike Neal 0-0: Ball
1-0: Called Strike
1-1: Swinging Strike
1-2: Foul Ball, location: 2F
1-2: Fly out, F6 (Line Drive, 6MD)
Batting: SHB Jack Bell 0-0: Ball
1-0: Ball
2-0: Ground out 1-3 (Groundball, 25)
Top of the 3rd over - 0 run(s), 0 hit(s), 0 error(s), 0 left on base; Springfield 0 - Lannister United 0
BOTTOM OF THE 3RD
Lannister United Lionhearts batting - Pitching for Springfield Shooters : LHP Alfredo Sánchez
Batting: LHB Shang-de Zhang 0-0: Ball
1-0: Foul Ball, location: 2F
1-1: Ball
2-1: SINGLE (Groundball, 4M)
Batting: RHB Pedro Herrera 0-0: Foul Ball, location: 2F
0-1: Swinging Strike
0-2: Ball
1-2: Ball
2-2: Ball
3-2: Foul Ball, location: 2F
3-2: Strikes out swinging
Batting: LHB Aurelio Aurillo 0-0: Ball
1-0: Called Strike
1-1: Ball
2-1: SINGLE (Groundball, 4MD)
Shang-de Zhang to second
Batting: RHB Sancho Balderas 0-0: SINGLE (Groundball, 56)
Shang-de Zhang to third
Aurelio Aurillo to second
Batting: LHB Eduardo Álvarez 0-0: Called Strike
0-1: Grounds into fielders choice 1-2 (Groundball, 13)
Aurelio Aurillo to third
Sancho Balderas to second
Batting: RHB Javier Chávez 0-0: Ball
1-0: Fly out, F8 (Flyball, 78M)
Bottom of the 3rd over - 0 run(s), 3 hit(s), 0 error(s), 3 left on base; Springfield 0 - Lannister United 0
TOP OF THE 4TH
Springfield Shooters batting - Pitching for Lannister United Lionhearts : LHP Rich Lawrence
Batting: RHB Javier Vásquez 0-0: Called Strike
0-1: Ball
1-1: Ball
2-1: Ground out 5-3 (Groundball, 56S)
Batting: LHB Ray Anderson 0-0: Ball
1-0: Ball
2-0: Called Strike
2-1: Called Strike
2-2: Ball
3-2: Foul Ball, location: 2F
3-2: Fly out, F4 (Line Drive, 4MD)
Batting: RHB Roy Herring 0-0: Called Strike
0-1: Ground out 6-3 (Groundball, 6)
Top of the 4th over - 0 run(s), 0 hit(s), 0 error(s), 0 left on base; Springfield 0 - Lannister United 0
BOTTOM OF THE 4TH
Lannister United Lionhearts batting - Pitching for Springfield Shooters : LHP Alfredo Sánchez
Batting: RHB Héctor Ruíz 0-0: Called Strike
0-1: Ball
1-1: Called Strike
1-2: Ground out 5-3 (Groundball, 5S)
Batting: RHB Carlos Pacheco 0-0: Called Strike
0-1: Ball
1-1: Ball
2-1: DOUBLE (Flyball, 89M)
Batting: LHB Kenko Ueda 0-0: Swinging Strike
0-1: Ball
1-1: Ball
2-1: Called Strike
2-2: Foul Ball, location: 2F
2-2: Ball
3-2: Fly out, F7 (Flyball, 7LM)
Batting: LHB Shang-de Zhang 0-0: Foul Ball, location: 2F
0-1: Ball
1-1: Ball
2-1: Called Strike
2-2: Foul Ball, location: 2F
2-2: SINGLE (Line Drive, 4D)
Carlos Pacheco to third
Runner from 3rd tries for Home, SAFE, no throw or cutoff
Batting: RHB Pedro Herrera 0-0: Ball
1-0: Called Strike
1-1: SINGLE (Groundball, 34)
Shang-de Zhang to second
Runner from 2nd tries for 3rd, SAFE, throw made to third
Batting: LHB Aurelio Aurillo 0-0: Ball
1-0: Ball
2-0: Called Strike
2-1: Ground out 1-3 (Groundball, 15)
Bottom of the 4th over - 1 run(s), 3 hit(s), 0 error(s), 2 left on base; Springfield 0 - Lannister United 1
TOP OF THE 5TH
Springfield Shooters batting - Pitching for Lannister United Lionhearts : LHP Rich Lawrence
Batting: LHB Carroll Martin 0-0: Ball
1-0: Foul Ball, location: 2F
1-1: Swinging Strike
1-2: Fly out, F8 (Line Drive, 8LS)
Batting: RHB Meka Knight 0-0: Ground out 2-3 (Groundball, 23)
Batting: RHB José Martínez 0-0: Called Strike
0-1: Called Strike
0-2: Strikes out looking
Top of the 5th over - 0 run(s), 0 hit(s), 0 error(s), 0 left on base; Springfield 0 - Lannister United 1
BOTTOM OF THE 5TH
Lannister United Lionhearts batting - Pitching for Springfield Shooters : LHP Alfredo Sánchez
Batting: RHB Sancho Balderas 0-0: Called Strike
0-1: Ball
1-1: SINGLE (Flyball, 78S)
Batting: LHB Eduardo Álvarez 0-0: Ball
Sancho Balderas steals 2nd base
1-0: Ball
2-0: Ball
3-0: Called Strike
3-1: Called Strike
3-2: Base on Balls
Batting: RHB Javier Chávez 0-0: Ball
1-0: Called Strike
1-1: Ball
2-1: Fielders Choice at 2nd, 4-6 (Groundball, 4)
Sancho Balderas to third
Batting: RHB Héctor Ruíz 0-0: Foul Ball, location: 2F
0-1: Ball
1-1: SINGLE (Line Drive, 6M)
Sancho Balderas scores
Javier Chávez to second
Batting: RHB Carlos Pacheco 0-0: Foul Ball, location: 2F
0-1: Fly out, F9 (Flyball, 89M)
Batting: LHB Kenko Ueda 0-0: Ball
1-0: Ground out 1-3 (Groundball, 13)
Bottom of the 5th over - 1 run(s), 2 hit(s), 0 error(s), 2 left on base; Springfield 0 - Lannister United 2
TOP OF THE 6TH
Springfield Shooters batting - Pitching for Lannister United Lionhearts : LHP Rich Lawrence
Batting: LHB Torquato Villani 0-0: Ball
1-0: Called Strike
1-1: Fly out, F6 (Line Drive, 6)
Batting: RHB Mike Neal 0-0: Ball
1-0: Ground out 6-3 (Groundball, 6)
Batting: SHB Jack Bell 0-0: Ball
1-0: Ball
2-0: Ball
3-0: Base on Balls
Batting: RHB Javier Vásquez 0-0: Ball
1-0: Ball
2-0: Foul Ball, location: 2F
2-1: Ball
3-1: Base on Balls
Jack Bell to second
Batting: LHB Ray Anderson 0-0: Ball
1-0: Called Strike
1-1: Ball
2-1: Foul Ball, location: 2F
2-2: Strikes out swinging
Top of the 6th over - 0 run(s), 0 hit(s), 0 error(s), 2 left on base; Springfield 0 - Lannister United 2
BOTTOM OF THE 6TH
Lannister United Lionhearts batting - Pitching for Springfield Shooters : LHP Alfredo Sánchez
Batting: LHB Shang-de Zhang 0-0: Ball
1-0: Called Strike
1-1: Fly out, F6 (Popup, 6MD)
Batting: RHB Pedro Herrera 0-0: Called Strike
0-1: Ball
1-1: Ball
2-1: Called Strike
2-2: Ground out 6-3 (Groundball, 6)
Batting: LHB Aurelio Aurillo 0-0: Ball
1-0: Ball
2-0: Called Strike
2-1: SINGLE (Groundball, 4MD)
Pitching: RHP Sam Green
Batting: RHB Sancho Balderas 0-0: Fly out, F8 (Flyball, 78M)
Bottom of the 6th over - 0 run(s), 1 hit(s), 0 error(s), 1 left on base; Springfield 0 - Lannister United 2
TOP OF THE 7TH
Springfield Shooters batting - Pitching for Lannister United Lionhearts : LHP Rich Lawrence
Batting: RHB Roy Herring 0-0: Ball
1-0: Called Strike
1-1: Ball
2-1: Called Strike
2-2: Fly out, F9 (Flyball, 9LS)
Batting: LHB Carroll Martin 0-0: Fly out, F3 (Popup, 3SF)
Batting: RHB Meka Knight 0-0: Swinging Strike
0-1: Foul Ball, location: 2F
0-2: Ball
1-2: Foul Ball, location: 2F
1-2: Ball
2-2: Fly out, F8 (Flyball, 78S)
Top of the 7th over - 0 run(s), 0 hit(s), 0 error(s), 0 left on base; Springfield 0 - Lannister United 2
BOTTOM OF THE 7TH
Lannister United Lionhearts batting - Pitching for Springfield Shooters : RHP Sam Green
Batting: LHB Eduardo Álvarez 0-0: Ball
1-0: Swinging Strike
1-1: Swinging Strike
1-2: Strikes out looking
Batting: RHB Javier Chávez 0-0: DOUBLE (Line Drive, 78S)
Batting: RHB Héctor Ruíz 0-0: Ball
1-0: Fly out, F9 (Line Drive, 89M)
Batting: RHB Carlos Pacheco 0-0: Called Strike
0-1: Ball
1-1: Fly out, F9 (Popup, 9S)
Bottom of the 7th over - 0 run(s), 1 hit(s), 0 error(s), 1 left on base; Springfield 0 - Lannister United 2
TOP OF THE 8TH
Springfield Shooters batting - Pitching for Lannister United Lionhearts : LHP Rich Lawrence
Batting: RHB José Martínez 0-0: Ball
1-0: Foul Ball, location: 2F
1-1: Ball
2-1: Foul Ball, location: 2F
2-2: Strikes out swinging
Batting: LHB Torquato Villani 0-0: Ball
1-0: Foul Ball, location: 2F
1-1: Ball
2-1: Ball
3-1: Fly out, F8 (Popup, 6MD)
Batting: RHB Mike Neal 0-0: Called Strike
0-1: Swinging Strike
0-2: Strikes out swinging
Top of the 8th over - 0 run(s), 0 hit(s), 0 error(s), 0 left on base; Springfield 0 - Lannister United 2
BOTTOM OF THE 8TH
Lannister United Lionhearts batting - Pitching for Springfield Shooters : RHP Sam Green
Batting: LHB Kenko Ueda 0-0: Called Strike
0-1: Fly out, F8 (Flyball, 8RM)
Batting: LHB Shang-de Zhang 0-0: Ball
1-0: Swinging Strike
1-1: Ball
2-1: Swinging Strike
2-2: Foul Ball, location: 2F
2-2: Ball
3-2: Base on Balls
Batting: RHB Pedro Herrera 0-0: Called Strike
0-1: Foul Ball, location: 2F
0-2: Hit by Pitch
Shang-de Zhang to second
Pinch Hitting: LHB Carl Duncan 0-0: Ball
1-0: Called Strike
1-1: Swinging Strike
1-2: Strikes out swinging
Batting: RHB Sancho Balderas 0-0: Swinging Strike
0-1: Foul Ball, location: 2F
0-2: Strikes out swinging
Bottom of the 8th over - 0 run(s), 0 hit(s), 0 error(s), 2 left on base; Springfield 0 - Lannister United 2
TOP OF THE 9TH
Springfield Shooters batting - Pitching for Lannister United Lionhearts : LHP Rich Lawrence
Now at 1B: Cale Beazley
Batting: SHB Jack Bell 0-0: Ball
1-0: Called Strike
1-1: Swinging Strike
1-2: Ball
2-2: Ball
3-2: Strikes out looking
Batting: RHB Javier Vásquez 0-0: Ball
1-0: Swinging Strike
1-1: Swinging Strike
1-2: Strikes out looking
Batting: LHB Ray Anderson 0-0: Called Strike
0-1: Called Strike
0-2: Ball
1-2: Fly out, F4 (Popup, 4M)
Top of the 9th over - 0 run(s), 0 hit(s), 0 error(s), 0 left on base; Springfield 0 - Lannister United 2
This league is powered by Out of the Park Baseball, the baseball management simulation game for PC, Mac and Linux
Friday, April 15th, 2016 - OOTP Baseball 16.9 Build 39